 Dungeon Crawl Stone Soup version 0.19-a0-347-g6bb00b2 (webtiles) character file.

267969 Leszczynek the Executioner (level 20, 0/192 HPs)
             Began as a Naga Berserker on May 29, 2016.
             Was the Champion of Trog.
             Shot with a bolt by a yaktaur captain (35 damage)
             ... on level 2 of the Vaults.
             The game lasted 02:10:32 (42351 turns).

Leszczynek the Executioner (Naga Berserker)        Turns: 42351, Time: 02:10:33

Health: 0/192      AC: 44    Str: 24    XL:     20   Next: 14%
Magic:  9/9        EV: 17    Int: 10    God:    Trog [******]
Gold:   311        SH:  0    Dex: 21    Spells: 0 memorised, 19 levels left

rFire  + . .     SeeInvis +     a - +9 executioner's axe (antimagic)
rCold  + . .     Gourm    .     i - +10 plate armour {MR+}
rNeg   . . .     Faith    .     (shield currently unavailable)
rPois  +         Spirit   .     M - +3 crown of Dyrovepreva {rElec Int+2 SInv}
rElec  +         Dismiss  .     h - +0 cloak
rCorr  .         Reflect  .     x - +2 pair of fencer's gloves {LBl+4 SBl+4 EV+3 Dex+6}
SustAt .         Harm     .     r - +4 naga barding {rF+}
MR     +++..                    w - amulet of regeneration
Stlth  ..........               J - ring of protection from cold
                                e - +4 ring of evasion

@: very slow, extremely resistant to hostile enchantments, extremely unstealthy
A: yellow scales 1, see invisible, deformed body, poison resistance, slowness 2,
slow metabolism 1, spit poison 2, constrict 1, AC +6
a: Spit Poison, Berserk, Trog's Hand, Brothers in Arms, Burn Spellbooks,
Renounce Religion
}: 2/15 runes: decaying, gossamer


You were on level 2 of the Vaults.
You worshipped Trog.
Trog was exalted by your worship.
You were not hungry.

You visited 6 branches of the dungeon, and saw 35 of its levels.
You also visited: Labyrinth, Bailey and Ice Cave.

You collected 4033 gold pieces.
You spent 3722 gold pieces at shops.

Inventory:

Hand Weapons
 a - a +9 antimagic executioner's axe (weapon)
 b - the +12 blowgun of Dununle {speed, Int+5}
   (You took it off an orc on level 8 of the Dungeon)

   Attacks with this weapon are significantly faster.
   It affects your intelligence (+5).
Missiles
 C - 17 needles of confusion
 I - 18 steel javelins
 K - 19 javelins of returning
 N - 3 throwing nets
 O - 11 javelins of penetration
 P - 10 curare-tipped needles
 W - 44 tomahawks of returning (quivered)
 Y - 2 silver javelins
Armour
 h - a +0 cloak (worn)
 i - a +10 plate armour of magic resistance (worn)
 r - a +4 naga barding of fire resistance (worn)
 x - the +2 pair of fencer's gloves (worn) {LBl+4 SBl+4 EV+3 Dex+6}
   (You bought it in a shop on level 1 of the Vaults)

   It affects your evasion (+3).
   It affects your dexterity (+6).
 M - the +3 crown of Dyrovepreva (worn) {rElec Int+2 SInv}
   (You bought it in a shop on level 2 of the Orcish Mines)

   It affects your intelligence (+2).
   It insulates you from electricity.
   It lets you see invisible.
Jewellery
 e - a +4 ring of evasion (left hand)
 f - an uncursed ring of protection from magic
 g - an uncursed ring of positive energy
 q - an uncursed ring of sustain attributes
 w - an amulet of regeneration (around neck)
 y - an uncursed ring of protection from fire
 J - a ring of protection from cold (right hand)
Wands
 l - a wand of disintegration (16/24)
 m - a wand of acid (4/15)
 o - a wand of digging (13/24)
 L - a wand of teleportation (4/9)
Scrolls
 j - 13 scrolls of teleportation
 t - 16 scrolls of remove curse
 v - 5 scrolls of blinking
 z - a scroll of enchant armour
 D - 9 scrolls of recharging
 E - a scroll of vulnerability
 F - 4 scrolls of identify
 H - 7 scrolls of fog
 S - a scroll of fear
Potions
 k - 5 potions of heal wounds
 s - 20 potions of curing
 A - 4 potions of might
 B - 2 potions of resistance
 G - 4 potions of invisibility
 Q - 6 potions of agility
 T - 4 potions of ambrosia
 X - 2 potions of haste
Miscellaneous
 n - a box of beasts {used: 1}
 u - a fan of gales
 R - a lamp of fire
 V - a legendary deck of summoning {Water}
Comestibles
 c - 16 chunks of flesh
 d - 17 meat rations
 p - 13 royal jellies
 Z - 18 bread rations


   Skills:
 + Level 14.5 Fighting
 - Level 21.0 Axes
 + Level 12.7 Throwing
 - Level 8.2 Armour
 * Level 11.4 Dodging
 - Level 12.0 Evocations


You had 19 spell levels left.
You didn't know any spells.

Dungeon Overview and Level Annotations

Branches:
Dungeon (15/15)            Temple (0/1) D:7            Lair (8/8) D:8
  Swamp (4/4) Lair:3       Spider (4/4) Lair:3        Slime (0/6) Lair:6
    Orc (2/2) D:10            Elf (0/3) Orc:2        Vaults (2/5) D:14
  Crypt (0/3) Vaults:2     Depths (0/5) D:15

Altars:
Ashenzari
Dithmenos
Elyvilon
Fedhas
Gozag
Kikubaaqudgha
Makhleb
Okawaru
Pakellas
Qazlal
Ru
Sif Muna
Ukayaw
Vehumet
Yredelemnul
Zin
Beogh
Jiyva

Shops:
D:5 !   D:15 (   Orc:2 ?[}?   Vaults:1 *

Annotations:
Lair:1 exclusion: hydra
Lair:3 exclusion: oklob plant
Lair:6 1 runed door
Lair:8 exclusion: oklob plant


Innate Abilities, Weirdness & Mutations

You cannot wear boots.
Your serpentine skin is tough (AC +6).
You have supernaturally acute eyesight. (SInv)
Armour fits poorly on your strangely shaped body.
Your system is resistant to poisons. (rPois)
You cover ground very slowly.
You have a slow metabolism.
You can spit poison.
You can use your snake-like lower body to constrict enemies.
You are partially covered in yellow scales. (AC +2)


Message History

A yaktaur captain comes into view.
You slice the vault warden!!
The vault warden's magic leaks into the air.
The vault warden is almost dead.
You constrict the vault warden.
You kill the vault warden!
The vault warden's corpse shimmers and vanishes!
The rakshasa gestures at you. The orb of energy hits you!
Items here: ( )) † an uncursed arbalest; an arbalest; 32 bolts; a yaktaur corpse The rakshasa gestures at you.
The orb of energy hits you!
* * * LOW HITPOINT WARNING * * *
The orb of energy explodes!
You closely miss the rakshasa. Your grab misses the rakshasa.
The rakshasa hits you but does no damage.
The yaktaur captain wields an arbalest.
The yaktaur captain shoots a bolt.
The bolt hits you!!
You die...

#........# .. #........#
... ########'#######
...############..)....#
..........##..####)####.
..........##.....#.#....
....#.c...###.##.)...#
#..R...#.#.###...##
#...@..#.#..###.##
####.))#.##..####
#..#)(+(.....#
#...†)#.##..##
#[....#.#..##
#......#.#.##
........###. .......(#
.. ###.....# ..


You could see a yaktaur captain and a rakshasa.

Vanquished Creatures
  Jorgrun (Swamp:2)
  2 thorn hunters
  Frances (D:13)
  Agnes (Spider:2)
  Kirke (D:14)
  Donald (Orc:2)
  A revenant (Vaults:2)
  6 vault wardens
  3 ghost moths
  Louise (Swamp:3)
  2 emperor scorpions (Spider:4)
  4 ironheart preservers
  2 stone giants
  A juggernaut skeleton (D:15)
  3 very ugly things
  Azrael (D:14)
  3 dire elephants (Lair:8)
  A spark wasp (Spider:4)
  A deep elf annihilator (Vaults:1)
  Snorg (Lair:8)
  10 vault guards
  Erolcha (Orc:2)
  The ghost of Leszczynek the Cleaver, a journeyman NaGl of Trog (Orc:1)
  A minotaur (Lab)
  A great orb of eyes (Vaults:2)
  2 ice dragons (IceCv)
  3 yaktaur captains
  3 entropy weavers (Spider:4)
  24 hydras
  4 rakshasas
  An anaconda (Lair:8)
  A ghost crab (Swamp:4)
  4 centaur warriors (Vaults:1)
  2 ogre magi
  A queen ant (Spider:4)
  4 death knights
  6 alligators
  A vampire mage (D:15)
  5 death yaks
  An orc high priest (Orc:2)
  A tengu warrior (D:14)
  Nergalle (D:11)
  A fire crab (Lair:8)
  Sonja (Lair:2)
  7 skeletal warriors
  4 wizards
  A spark wasp zombie (D:15)
  2 spriggan druids
  A shadow wraith (Vaults:1)
  An unseen horror (D:13)
  12 swamp dragons
  10 hill giants
  3 giant orange brains
  3 ironbrand convokers
  7 deep trolls (Vaults:2)
  2 deep elf archers
  A flayed ghost (Vaults:1)
  3 shambling mangroves
  2 necromancers
  An orb spider (shapeshifter) (Vaults:1)
  4 deep elf magi
  17 orb spiders
  The ghost of namelastname112 the Thaumaturge, a novice DEAE of Sif Muna (Bailey)
  A fire giant zombie (D:15)
  24 wolf spiders
  10 orc knights
  12 orc sorcerers
  6 cyclopes
  10 hornets
  3 griffons
  31 ugly things
  3 manticores
  19 elephants
  An octopode (shapeshifter) (Vaults:2)
  3 moths of wrath
  6 vault sentinels
  A molten gargoyle (D:13)
  8 black mambas
  2 gargoyles
  A torpor snail (Lair:7)
  2 rime drakes (IceCv)
  2 ice statues (IceCv)
  18 spiny frogs
  3 freezing wraiths
  8 demonic crawlers
  3 kobold demonologists
  2 efreet
  17 yaktaurs
  8 komodo dragons
  A redback zombie (D:15)
  A queen bee (Spider:2)
  A guardian mummy (D:15)
  A merfolk (D:11)
  5 trolls
  3 giant leeches
  38 jumping spiders
  3 two-headed ogres
  6 bog bodies
  A sphinx simulacrum (Vaults:1)
  22 blink frogs
  11 slime creatures
  An air elemental (Orc:2)
  2 boulder beetles
  4 shadows
  74 redbacks
  9 spriggans
  3 water elementals (D:14)
  2 fire elementals
  46 yaks
  4 hogs (D:14)
  3 wraiths
  4 hungry ghosts
  2 wyverns (D:11)
  19 tarantellas
  4 basilisks
  A human (shapeshifter) (Vaults:2)
  27 vampire mosquitoes
  10 hippogriffs
  10 wargs
  16 soldier ants
  Edmund (D:6)
  A human zombie (D:15)
  4 mottled dragons
  10 insubstantial wisps
  12 swamp worms
  Duvessa (D:5)
  4 hell hounds (D:14)
  10 porcupines
  21 water moccasins
  35 orc warriors
  16 swamp drakes
  3 black bears
  17 ice beasts
  2 sky beasts
  An ice beast (shapeshifter) (Vaults:1)
  10 wasps
  11 ogres
  3 phantoms
  An eye of draining (D:14)
  6 wolves (Lair:8)
  2 boggarts (Vaults:1)
  11 centaurs
  A necrophage (D:12)
  21 crocodiles
  3 big kobolds
  19 giant frogs
  Dowan (D:5)
  A wyvern skeleton (D:8)
  A gnoll sergeant (D:6)
  3 scorpions
  A water moccasin skeleton (D:8)
  36 killer bees
  5 wights (D:13)
  4 howler monkeys
  8 electric eels
  3 lava snakes (D:13)
  6 centaur zombies
  8 crimson imps
  A giant frog zombie (D:12)
  5 giant frog skeletons
  6 hounds
  4 jellies
  16 orc priests
  34 orc wizards
  4 centaur skeletons
  4 iguanas
  Ijyb (D:2)
  27 worker ants
  26 sheep
  A hound skeleton (D:5)
  A worker ant zombie (D:9)
  14 gnolls
  11 adders
  68 river rats
  3 shadow imps
  An ooze (D:2)
  An adder zombie (D:5)
  An adder skeleton (D:6)
  4 worms
  2 dart slugs
  A giant gecko (D:2)
  95 orcs
  2 ball pythons (D:1)
  15 bats
  4 giant cockroaches
  14 goblins
  12 hobgoblins
  5 jackals (D:8)
  3 quokkas
  5 giant newts
  25 kobolds
  8 rats
  2 briar patches (Swamp:3)
  A fire vortex (D:13)
  7 fungi
  8 plants
  A withered plant (D:15)
1483 creatures vanquished.

Vanquished Creatures (collateral kills)
  A spark wasp (Spider:2)
  A hydra (Swamp:4)
  An orb spider (Spider:2)
  A hornet (Spider:2)
  A jumping spider (Spider:2)
  A bog body (Swamp:4)
  4 kobolds (Bailey)
10 creatures vanquished.

Vanquished Creatures (others)
  A sphinx (D:11)
  A vault sentinel (Vaults:2)
  A giant leech (Swamp:4)
  A human (D:14)
  A boggart (Vaults:1)
  A scorpion (D:13)
  2 orc wizards
  4 orcs
  A bush (Lair:3)
  20 fungi
  12 plants
  3 withered plants (D:15)
48 creatures vanquished.

Grand Total: 1541 creatures vanquished

Notes
Turn   | Place    | Note
--------------------------------------------------------------
     0 | D:1      | Leszczynek the Naga Berserker began the quest for the Orb.
     0 | D:1      | Reached XP level 1. HP: 21/21 MP: 1/1
   102 | D:1      | Reached XP level 2. HP: 13/28 MP: 2/2
   627 | D:1      | Gained mutation: You are partially covered in yellow scales. (AC +2) [potion of beneficial mutation]
   686 | D:1      | Reached skill level 4 in Axes
   912 | D:1      | Reached XP level 3. HP: 34/34 MP: 3/3
  1095 | D:1      | Reached ** piety under Trog
  1155 | D:2      | Found a white marble altar of Elyvilon.
  1474 | D:2      | Noticed Ijyb
  1487 | D:2      | Killed Ijyb
  1487 | D:2      | Reached skill level 5 in Axes
  1487 | D:2      | Reached XP level 4. HP: 42/42 MP: 4/4
  2406 | D:3      | Reached XP level 5. HP: 40/49 MP: 5/5
  2652 | D:3      | Reached skill level 6 in Axes
  2796 | D:3      | Reached *** piety under Trog
  3466 | D:4      | Reached XP level 6. HP: 36/56 MP: 6/6
  3608 | D:4      | Got a scorched dagger {pierce}
  3639 | D:4      | Identified the +5 dagger "Keunt" {pierce, +Rage rPois rC++} (You took it off a kobold on level 4 of the Dungeon)
  3974 | D:4      | Reached skill level 7 in Axes
  4194 | D:4      | Noticed a black bear
  4201 | D:4      | Killed a black bear
  4201 | D:4      | Reached XP level 7. HP: 62/62 MP: 7/7
  4222 | D:5      | Entered Level 5 of the Dungeon
  4559 | D:5      | Reached skill level 8 in Axes
  4650 | D:5      | Found a shattered altar of Ashenzari.
  4975 | D:5      | Noticed Duvessa
  4976 | D:5      | Noticed Dowan
  4998 | D:5      | Killed Duvessa
  5006 | D:5      | Killed Dowan
  5006 | D:5      | Reached skill level 9 in Axes
  5208 | D:5      | Found Kuutoiff's Distillery.
  5211 | D:5      | Bought a potion of heal wounds for 75 gold pieces
  5211 | D:5      | Bought a potion of curing for 45 gold pieces
  5312 | D:6      | Noticed Edmund
  5320 | D:6      | Killed Edmund
  5320 | D:6      | Reached XP level 8. HP: 69/69 MP: 8/8
  5388 | D:6      | Reached **** piety under Trog
  5658 | D:6      | Reached skill level 10 in Axes
  5988 | D:6      | Found a glowing silver altar of Zin.
  6579 | D:7      | Found a shadowy altar of Dithmenos.
  6861 | D:7      | Found a staircase to the Ecumenical Temple.
  6915 | D:7      | Found an iron altar of Okawaru.
  6935 | D:7      | Reached skill level 1 in Throwing
  6963 | D:7      | Found a stormy altar of Qazlal.
  7253 | D:8      | Reached skill level 11 in Axes
  7312 | D:8      | Reached XP level 9. HP: 71/75 MP: 9/9
  7592 | D:8      | Got a blackened blowgun
  7596 | D:8      | Identified the +12 blowgun of Dununle {speed, Int+5} (You took it off an orc on level 8 of the Dungeon)
  7597 | D:8      | plus how much?
  7597 | D:8      | speed?
  7597 | D:8      | wut
  7622 | D:8      | Found a staircase to the Lair.
  7622 | D:8      | Noticed an elephant
  7645 | D:8      | Killed an elephant
  8022 | D:8      | Found an ancient bone altar of Kikubaaqudgha.
  8412 | D:8      | Received a gift from Trog
  8412 | D:8      | Reached skill level 12 in Axes
  8448 | D:8      | Reached skill level 5 in Throwing
  8937 | D:8      | Reached XP level 10. HP: 49/84 MP: 10/10
  8952 | D:8      | Found a sacrificial altar of Ru.
  8957 | D:8      | Found an iron altar of Okawaru.
  8963 | D:8      | Found a basalt altar of Yredelemnul.
  8965 | D:8      | Found a deep blue altar of Sif Muna.
  8977 | D:8      | Found a blossoming altar of Fedhas.
  8983 | D:8      | Found an opulent altar of Gozag.
  8987 | D:8      | Found a hide-covered altar to Ukayaw.
  9466 | D:8      | Found a burning altar of Makhleb.
  9466 | D:8      | Found an oddly glowing altar of Pakellas.
 10013 | D:9      | Reached ***** piety under Trog
 10524 | D:10     | Entered Level 10 of the Dungeon
 10671 | D:10     | Found a staircase to the Orcish Mines.
 10679 | D:10     | Reached skill level 13 in Axes
 11005 | D:10     | Noticed a hill giant
 11012 | D:10     | Killed a hill giant
 11012 | D:10     | Reached XP level 11. HP: 93/93 MP: 11/11
 11106 | D:10     | Noticed a hill giant
 11113 | D:10     | Killed a hill giant
 11113 | D:10     | Reached skill level 5 in Fighting
 11372 | D:10     | Got a creamy pearl robe
 11385 | D:10     | Identified the +1 robe of a bailey {Regen+ Int+4} (You found it on level 10 of the Dungeon)
 11618 | Lair:1   | Entered Level 1 of the Lair of Beasts
 12203 | Lair:1   | Noticed a seven-headed hydra
 12627 | Lair:2   | Noticed an eight-headed hydra
 12638 | Lair:2   | Killed an eight-headed hydra
 12846 | Lair:2   | Noticed Sonja
 12866 | Lair:2   | Killed Sonja
 12866 | Lair:2   | Reached skill level 14 in Axes
 12951 | Lair:2   | HP: 15/150 [sheep (6)]
 12960 | Lair:2   | Received a gift from Trog
 13894 | Lair:3   | Noticed a five-headed hydra
 13903 | Lair:3   | Killed a five-headed hydra
 13903 | Lair:3   | Reached XP level 12. HP: 112/112 MP: 12/12
 14028 | Lair:3   | Received a gift from Trog
 14294 | Lair:3   | Found a hole to the Spider Nest.
 14429 | Lair:3   | Reached skill level 15 in Axes
 15366 | Lair:3   | Found a staircase to the Swamp.
 15809 | Lair:4   | Reached skill level 10 in Fighting
 16997 | Lair:5   | Gained mutation: You can use your snake-like lower body to constrict enemies. [Naga growth]
 16997 | Lair:5   | Reached XP level 13. HP: 75/123 MP: 13/13
 17101 | Lair:5   | Reached skill level 16 in Axes
 17247 | Lair:5   | Found a labyrinth entrance.
 17263 | Lab      | Entered a labyrinth
 17337 | Lab      | Received a gift from Trog
 17340 | Lab      | Got a pitted battleaxe {god gift}
 17341 | Lab      | Identified the +5 battleaxe of Vanity {drain, Int+6} (Trog gifted it to you in a labyrinth)
 17374 | Lab      | Noticed a minotaur
 17379 | Lab      | Killed a minotaur
 17392 | Lab      | Got an ichor-stained arbalest
 17559 | Lair:5   | Identified the +3 arbalest of Lompioho {venom, MR+ Int-3 Dex+4} (You found it in a labyrinth)
 18285 | Lair:6   | Reached skill level 1 in Evocations
 18735 | Lair:6   | Found a runed door.
 18735 | Lair:6   | Found a viscous altar of Jiyva.
 18738 | Lair:6   | Found a staircase to the Slime Pits.
 19267 | Lair:7   | Found a frozen archway.
 19275 | IceCv    | Entered an ice cave
 19294 | IceCv    | Reached skill level 5 in Evocations
 19306 | IceCv    | Received a gift from Trog
 19469 | IceCv    | Reached ****** piety under Trog
 19491 | IceCv    | Noticed an ice dragon
 19500 | IceCv    | Noticed an ice dragon
 19501 | IceCv    | Killed an ice dragon
 19514 | IceCv    | Killed an ice dragon
 20362 | Lair:7   | Reached skill level 17 in Axes
 20369 | Lair:7   | Reached XP level 14. HP: 70/132 MP: 18/18
 21043 | Lair:8   | Entered Level 8 of the Lair of Beasts
 21115 | Lair:8   | Noticed Snorg
 21130 | Lair:8   | Killed Snorg
 21738 | Lair:8   | Received a gift from Trog
 21921 | Lair:8   | Received a gift from Trog
 22165 | Lair:8   | Reached skill level 18 in Axes
 23009 | Lair:8   | Noticed a dire elephant
 23009 | Lair:8   | Noticed a dire elephant
 23013 | Lair:8   | Killed a dire elephant
 23019 | Lair:8   | Killed a dire elephant
 23091 | Lair:8   | Noticed a dire elephant
 23098 | Lair:8   | Killed a dire elephant
 23262 | Lair:2   | Reached skill level 5 in Armour
 23394 | Orc:1    | Entered Level 1 of the Orcish Mines
 23395 | Orc:1    | Found a flagged portal.
 23410 | D:10     | Received a gift from Trog
 23688 | Orc:1    | Received a gift from Trog
 23788 | Bailey   | Entered a bailey
 23841 | Bailey   | Noticed namelastname112's ghost (novice DEAE)
 23860 | Bailey   | Killed namelastname112's ghost
 23864 | Bailey   | Received a gift from Trog
 24477 | Orc:2    | Entered Level 2 of the Orcish Mines
 24477 | Orc:2    | Noticed Donald
 24486 | Orc:2    | Reached XP level 15. HP: 140/140 MP: 21/21
 24488 | Orc:2    | Killed Donald
 24488 | Orc:2    | Received a gift from Trog
 24633 | Orc:2    | Got an iridescent executioner's axe {god gift}
 24634 | Orc:2    | Identified the +2 executioner's axe "Ytylelamm" {elec, Dex+6} (Trog gifted it to you on level 2 of the Orcish Mines)
 24674 | Orc:2    | Found a roughly hewn altar of Beogh.
 24721 | Orc:2    | Found a staircase to the Elven Halls.
 25346 | Orc:1    | Noticed Leszczynek's ghost (journeyman NaGl)
 25364 | Orc:1    | Killed Leszczynek's ghost
 25779 | Orc:2    | Found Omybel's Magic Scroll Emporium.
 25815 | Orc:2    | Found an ancient bone altar of Kikubaaqudgha.
 25848 | Orc:2    | Found Tishouron's Gadget Shoppe.
 25855 | Orc:2    | Received a gift from Trog
 25882 | Orc:2    | Noticed Erolcha
 25885 | Orc:2    | Found a radiant altar of Vehumet.
 25891 | Orc:2    | Killed Erolcha
 25984 | Orc:2    | Found Meshreen's Antique Armour Shoppe.
 25984 | Orc:2    | Found a roughly hewn altar of Beogh.
 25998 | Orc:2    | Found Naguungo's Magic Scroll Emporium.
 26035 | Orc:2    | Bought a scroll of enchant armour for 97 gold pieces
 26035 | Orc:2    | Bought a scroll of enchant armour for 97 gold pieces
 26035 | Orc:2    | Bought a scroll of enchant armour for 97 gold pieces
 26035 | Orc:2    | Bought a scroll of identify for 26 gold pieces
 26035 | Orc:2    | Bought a scroll of remove curse for 39 gold pieces
 26035 | Orc:2    | Bought a scroll of identify for 26 gold pieces
 26035 | Orc:2    | Bought a scroll of teleportation for 39 gold pieces
 26048 | Orc:2    | Bought the +3 crown of Dyrovepreva {rElec Int+2 SInv} for 1324 gold pieces
 26084 | Orc:2    | Bought a fan of gales for 720 gold pieces
 26685 | D:11     | Noticed Nergalle
 26699 | D:11     | Killed Nergalle
 26699 | D:11     | Received a gift from Trog
 26958 | D:11     | the royal jelly card, lol
 27331 | D:11     | Found an oddly glowing altar of Pakellas.
 27332 | D:11     | Noticed a sphinx
 27339 | D:11     | Killed a sphinx
 27406 | D:12     | Found an ancient bone altar of Kikubaaqudgha.
 28251 | D:13     | Noticed Frances
 28262 | D:13     | Killed Frances
 29090 | D:13     | Received a gift from Trog
 29146 | D:13     | Reached skill level 19 in Axes
 29146 | D:13     | Reached skill level 5 in Dodging
 29295 | D:13     | Received a gift from Trog
 29301 | D:13     | Found a stormy altar of Qazlal.
 29473 | D:13     | Reached XP level 16. HP: 148/148 MP: 22/22
 29830 | D:14     | Noticed Azrael
 29848 | D:14     | Killed Azrael
 30094 | D:14     | Noticed Kirke
 30109 | D:14     | Killed Kirke
 30269 | D:14     | Reached skill level 10 in Throwing
 30495 | D:14     | Found a gate to the Vaults.
 30914 | D:15     | Entered Level 15 of the Dungeon
 31037 | D:15     | Found Rysong's Weapon Boutique.
 31157 | D:15     | Found a staircase to the Depths.
 31182 | D:15     | HP: 4/222 [juggernaut skeleton (31)]
 31188 | D:15     | HP: 5/222 [human zombie (1)]
 31195 | D:15     | jesus
 31195 | D:15     | more luck than brains
 31195 | D:15     | (this doesn't translate into english does it)
 31860 | D:15     | Received a gift from Trog
 32374 | Swamp:1  | Entered Level 1 of the Swamp
 32439 | Swamp:1  | Received a gift from Trog
 32696 | Swamp:1  | Reached XP level 17. HP: 126/156 MP: 23/23
 33382 | Swamp:2  | Noticed Jorgrun
 33391 | Swamp:2  | Killed Jorgrun
 33707 | Swamp:2  | Received a gift from Trog
 34215 | Swamp:3  | Noticed Louise
 34230 | Swamp:3  | Killed Louise
 34929 | Swamp:4  | Entered Level 4 of the Swamp
 34970 | Swamp:4  | Reached skill level 20 in Axes
 35155 | Swamp:4  | Reached skill level 10 in Evocations
 35455 | Swamp:4  | Received a gift from Trog
 35767 | Swamp:4  | Received a gift from Trog
 35805 | Swamp:4  | Got a decaying rune of Zot
 35885 | Swamp:4  | Reached XP level 18. HP: 157/168 MP: 26/26
 36098 | Swamp:4  | Received a gift from Trog
 36338 | Spider:1 | Entered Level 1 of the Spider Nest
 37135 | Spider:2 | Received a gift from Trog
 37163 | Spider:2 | Noticed Agnes
 37164 | Spider:2 | PLZ
 37173 | Spider:2 | Killed Agnes
 37878 | Spider:2 | Received a gift from Trog
 37996 | Spider:3 | Received a gift from Trog
 38249 | Spider:3 | Received a gift from Trog
 38524 | Spider:4 | Entered Level 4 of the Spider Nest
 38571 | Spider:4 | Received a gift from Trog
 38742 | Spider:4 | Received a gift from Trog
 39033 | Spider:4 | Received a gift from Trog
 39145 | Spider:4 | Received a gift from Trog
 39329 | Spider:4 | Received a gift from Trog
 39359 | Spider:4 | Reached XP level 19. HP: 134/178 MP: 28/28
 39549 | Spider:4 | Received a gift from Trog
 39725 | Spider:4 | Got a gossamer rune of Zot
 40130 | Vaults:1 | Entered Level 1 of the Vaults
 40246 | Vaults:1 | Found Ivvya's Assorted Antiques.
 40252 | Vaults:1 | Bought a clouded emerald amulet for 110 gold pieces
 40252 | Vaults:1 | Bought the +2 pair of fencer's gloves {LBl+4 SBl+4 EV+3 Dex+6} for 1027 gold pieces
 40268 | Vaults:1 | Identified the amulet "Zung" {Harm *Drain MR- Str+6 Dex+4} (You bought it in a shop on level 1 of the Vaults)
 40269 | Vaults:1 | no thanks
 40673 | Vaults:1 | Reached skill level 21 in Axes
 40688 | Vaults:1 | Reached skill level 10 in Dodging
 40692 | Vaults:1 | Received a gift from Trog
 40852 | Vaults:1 | HP: 13/181 [freezing wraith[a death knight] (11)]
 41430 | Vaults:1 | Received a gift from Trog
 41865 | Vaults:2 | Found a staircase to the Crypt.
 42217 | Vaults:2 | Reached XP level 20. HP: 186/192 MP: 9/29
 42351 | Vaults:2 | Shot with a bolt by a yaktaur captain

Vault maps used:
D:1:      evilmike_arrival_run_for_it
D:2:      lemuel_crystal_altar, uniq_iyjb
D:4:      kennysheep_generic_room_5
D:5:      kennysheep_mini, serial_shops, nicolae_shop_behind_doors, first_bread,
          uniq_duvessa
D:6:      lemuel_coloured_pillars_altar, uniq_edmund
D:7:      nicolae_qazlal_eye_of_the_storm, nicolae_dithmenos_shadow_blocks,
          minmay_temple_entry_glassed_door, okawaru_ov_weapons_minmay
D:8:      grunt_temple_overflow_octagram, kiku_gazebo_pond_becter,
          amethyst_overflow_temple_binary, david_lair_generic, minivault_26
D:9:      serial_column_ruins, column_ruins_grid_3,
          column_ruins_corridor_straight, column_ruins_grid_1
D:10:     erik_orc_3
D:11:     hangedman_fish_farm, roderic_batcave,
          gammafunk_pakellas_spire_experiment, uniq_nergalle
D:12:     basic_altar
D:13:     basic_altar, kennysheep_generic_room_12, uniq_frances
D:14:     cheibrodos_breeding_chamber, erik_vaults_2, serial_curves,
          eino_curves_03, eino_curves_04, uniq_azrael, uniq_kirke
D:15:     gammafunk_depths_entry_grave, serial_shops, shop, amethyst_killhole,
          grunt_decor_cap
Lair:1:   grunt_megastairs_4
Lair:2:   wad_woods_01, uniq_sonja
Lair:3:   minmay_lair_oklob_items, minmay_swamp_entry_worms,
          spider_nest_entry_funnel_web, serial_bayou_shore_a
Lair:4:   columned_hall_lemuel
Lair:5:   lab_entry_generic, nicolae_quartered_pool_super, grunt_megastairs_5,
          lemuel_fruit_tree
Lair:6:   slime_altar_2, infiniplex_staircase_pool
Lair:7:   portal_ice_cave_entry_pillars_2, lemuel_fruit_fields,
          grunt_megastairs_1
Lair:8:   due_jungle_book, uniq_snorg
Swamp:1:  nicolae_swamp_very_dense_foliage, infiniplex_staircase_pool_2
Swamp:2:  nicolae_swamp_treefoil, uniq_jorgrun
Swamp:3:  evilmike_swamp_ruin_house_1, uniq_louise
Swamp:4:  swamp, swamp_pool3
Spider:2: special_room, uniq_agnes
Spider:3: guppyfry_spider_mini_3
Spider:4: spider_rune_water, zaba_antful_of_joy
Orc:1:    enter_bailey_2
Orc:2:    kennysheep_orc_mage_school, basic_altar, uniq_donald
Vaults:1: grunt_vaults_diagonal, st_more_cells,
          nicolae_vaults_stairing_the_circle, v_alt_pattern_2,
          vaults_room_corners, vaults_dpeg_encased_lava,
          ontoclasm_vaults_gateway, hangedman_vaults_variations,
          hangedman_vaults_slice, nicolae_vaults_mini_display_case,
          grunt_vaults_hallway_short, vaults_dpeg_diagonal,
          nicolae_vaults_little_squares_3, serial_shops,
          nicolae_shop_overgrown_old_shop
Vaults:2: v_misc_29, nicolae_vaults_big_angled_halls,
          minmay_crypt_entry_simple_walls, vaults_room_door_ring, v_rooms_6,
          vaults_room_corners, grunt_vaults_twisty, hangedman_vaults_unwind,
          nicolae_vaults_twisting_passages, nicolae_vaults_asterisk, v_misc_25,
          ontoclasm_vaults_loading_screen, serial_shops, shop
Lab:      labyrinth_mini_lab, lab_hedge, nicolae_lab_quarters,
          nicolae_lab_starburst, nicolae_lab_swirl
Bailey:   bailey_axe_1, bailey
IceCv:    ice_cave_small_dragons

Skill      XL: |  1  2  3  4  5  6  7  8  9 10 11 12 13 14 15 16 17 18 19 |
---------------+----------------------------------------------------------+-----
Axes           | 4 5 6 7 9 11 12 13 14 15 17 18 19 20 21 | 21.0
Throwing       | 2 5 8 9 11 12 | 12.7
Fighting       | 4 8 10 12 13 14 | 14.5
Armour         | 3 4 5 8 |  8.2
Dodging        | 4 5 7 8 11 | 11.4
Evocations     | 6 8 10 12 | 12.0

Action                   |  1- 3 |  4- 6 |  7- 9 | 10-12 | 13-15 | 16-18 | 19-21 || total
-------------------------+-------+-------+-------+-------+-------+-------+-------++-------
Melee: Hand axe          |   154 |   112 |   374 |    22 |       |       |       ||   662
       Dagger            |       |    36 |     3 |       |       |       |       ||    39
       Dire flail        |       |       |    43 |     8 |       |       |       ||    51
       War axe           |       |       |    52 |    58 |       |       |       ||   110
       Battleaxe         |       |       |       |   623 |   968 |  1239 |    75 ||  2905
       Constrict         |       |       |       |       |   196 |   216 |    95 ||   507
       Executioner's axe |       |       |       |       |    50 |     4 |   378 ||   432
Throw: Tomahawk          |       |       |     2 |    15 |     6 |   139 |       ||   162
       Throwing net      |       |       |     1 |       |       |       |       ||     1
       Javelin           |       |       |       |     9 |     2 |     7 |       ||    18
Invok: Berserk           |     1 |     6 |    10 |    18 |    22 |    11 |     2 ||    70
       Brothers in Arms  |       |       |       |       |     1 |     2 |       ||     3
       Trog's Hand       |       |       |       |       |     3 |     1 |     1 ||     5
 Abil: Spit Poison       |     4 |     6 |     4 |       |       |       |       ||    14
Evoke: Wand              |       |       |     4 |     4 |       |     1 |       ||     9
       Box of beasts     |       |       |       |       |       |     1 |       ||     1
  Use: Scroll            |     9 |     8 |     1 |    10 |    25 |    10 |     1 ||    64
       Potion            |     1 |       |       |     3 |     7 |     2 |     1 ||    14
 Stab: Sleeping          |     1 |       |     2 |     1 |       |       |       ||     4
       Held in net/web   |       |       |     2 |       |       |       |       ||     2
       Distracted        |       |       |     1 |       |       |       |       ||     1
       Paralysed         |       |       |       |     3 |       |       |       ||     3
  Eat: Chunk             |     1 |    11 |    24 |    35 |    47 |    19 |     8 ||   145
       Beef jerky        |       |     1 |     2 |     2 |       |     1 |     1 ||     7
       Bread ration      |       |     1 |       |       |       |     4 |       ||     5
       Pizza             |       |       |       |     2 |       |     1 |       ||     3
       Fruit             |       |       |       |     2 |    15 |     6 |       ||    23
       Royal jelly       |       |       |       |       |       |       |     1 ||     1
Armor: Animal skin       |    62 |    54 |   161 |       |       |       |       ||   277
       Skin              |     2 |       |       |    11 |     7 |       |       ||    20
       Chain mail        |       |       |    23 |       |       |       |       ||    23
       Ring mail         |       |       |    16 |   161 |   335 |       |       ||   512
       Robe              |       |       |       |   205 |    16 |       |       ||   221
       Plate armour      |       |       |       |       |   349 |  1546 |   346 ||  2241
Dodge: Dodged            |   107 |    76 |   172 |   271 |   351 |   425 |   230 ||  1632
